 Dungeon Crawl Stone Soup version 0.19.0-22-gd96e5fe (webtiles) character file.

5527 magipi the Grappler (level 10, -11/96 HPs)
             Began as a Troll Hunter on Nov 18, 2016.
             Was the Champion of Zin.
             Mangled by a slime creature (13 damage)
             ... on level 9 of the Dungeon.
             The game lasted 00:29:47 (7329 turns).

magipi the Grappler (Troll Hunter)                  Turns: 7329, Time: 00:29:48

Health: -11/96     AC: 10    Str: 22    XL:     10   Next: 43%
Magic:  18/18      EV: 15    Int:  7    God:    Zin [******]
Gold:   513        SH:  0    Dex: 18    Spells: 0 memorised, 9 levels left

rFire  . . .     SeeInvis .       - Unarmed
rCold  . . .     Gourm    +     b - +0 robe
rNeg   . . .     Faith    .     (no shield)
rPois  .         Spirit   .     B - +2 hat
rElec  .         Reflect  .     m - +2 cloak
rCorr  .         Harm     .     (gloves unavailable)
MR     .....                    (boots unavailable)
Stlth  +++.......               (no amulet)
                                (no ring)
                                u - ring of magical power

@: agile
A: unfitting armour, claws 3, fast metabolism 3, gourmand, regeneration 1,
shaggy fur 1, tough skin 2
a: Recite, Vitalisation, Imprison, Sanctuary, Donate Gold, Cure All Mutations,
Renounce Religion


You were on level 9 of the Dungeon.
You worshipped Zin.
Zin was exalted by your worship.
You were not hungry.

You visited 1 branch of the dungeon, and saw 9 of its levels.
You also visited: Ossuary.

You collected 569 gold pieces.
You donated 56 gold pieces to Zin.

Notes
Turn   | Place    | Note
-------+----------+-------------------------------------------
     0 | D:1      | magipi the Troll Hunter began the quest for the Orb.
     0 | D:1      | Reached XP level 1. HP: 19/19 MP: 0/0
   198 | D:1      | Reached skill level 1 in Unarmed Combat
   227 | D:1      | Reached XP level 2. HP: 26/27 MP: 1/1
   879 | D:2      | Reached skill level 2 in Unarmed Combat
   906 | D:2      | Reached XP level 3. HP: 28/33 MP: 2/2
   959 | D:2      | Found a faded altar of an unknown god.
  1047 | D:2      | Became a worshipper of Zin the Law-Giver
  1047 | D:2      | Reached * piety under Zin
  1072 | D:2      | Found a white marble altar of Elyvilon.
  1185 | D:2      | Reached skill level 3 in Unarmed Combat
  1185 | D:2      | Reached XP level 4. HP: 41/41 MP: 3/3
  1234 | D:2      | Reached ** piety under Zin
  1525 | D:3      | Noticed dscm's ghost (weakling OpEE)
  1837 | D:3      | Killed dscm's ghost
  1891 | D:3      | Noticed an ice beast
  1915 | D:3      | Killed an ice beast
  1915 | D:3      | Reached skill level 4 in Unarmed Combat
  1915 | D:3      | Reached XP level 5. HP: 34/48 MP: 4/4
  2227 | D:4      | Found a sand-covered staircase.
  2232 | Ossuary  | Entered an ossuary
  2477 | Ossuary  | Reached *** piety under Zin
  2523 | Ossuary  | Noticed Menkaure
  2525 | Ossuary  | Killed Menkaure
  2525 | Ossuary  | Reached skill level 5 in Throwing
  2525 | Ossuary  | Reached skill level 5 in Unarmed Combat
  2525 | Ossuary  | Reached XP level 6. HP: 44/55 MP: 5/5
  2650 | D:4      | Noticed jerryfan's ghost (novice HOMo)
  2684 | D:5      | Entered Level 5 of the Dungeon
  2757 | D:5      | Reached XP level 7. HP: 62/62 MP: 6/6
  2868 | D:5      | Reached skill level 6 in Unarmed Combat
  3068 | D:4      | Found a sparkling altar of Nemelex Xobeh.
  3416 | D:5      | Reached skill level 7 in Unarmed Combat
  3598 | D:5      | Found a runed door.
  3602 | D:5      | Noticed Crazy Yiuf
  3603 | D:5      | Killed Crazy Yiuf
  3718 | D:5      | Reached XP level 8. HP: 41/70 MP: 7/7
  3942 | D:6      | Found a shimmering altar of Xom.
  3988 | D:6      | Found a sacrificial altar of Ru.
  3989 | D:6      | Found an ancient bone altar of Kikubaaqudgha.
  4005 | D:6      | Found a glowing silver altar of Zin.
  4050 | D:6      | Reached **** piety under Zin
  4289 | D:6      | Found a bloodstained altar of Trog.
  4294 | D:6      | Found a basalt altar of Yredelemnul.
  4297 | D:6      | Found a stormy altar of Qazlal.
  4354 | D:6      | Reached skill level 8 in Unarmed Combat
  4621 | D:7      | Reached skill level 9 in Unarmed Combat
  4808 | D:7      | Reached ***** piety under Zin
  4877 | D:7      | Found a staircase to the Ecumenical Temple.
  5006 | D:7      | Noticed a hippogriff
  5010 | D:7      | Killed a hippogriff
  5010 | D:7      | Reached XP level 9. HP: 71/76 MP: 8/8
  5177 | D:7      | Reached skill level 10 in Unarmed Combat
  5641 | D:6      | Reached skill level 11 in Unarmed Combat
  6061 | D:8      | Reached XP level 10. HP: 91/92 MP: 9/9
  6589 | D:8      | Reached ****** piety under Zin
  6942 | D:9      | Reached skill level 12 in Unarmed Combat
  7232 | D:9      | Reached skill level 5 in Fighting
  7328 | D:9      | Zin protects you from harm!
  7328 | D:9      | HP: 1/96 [slime creature (9)]
  7329 | D:9      | Mangled by a slime creature

Inventory:

Missiles
 c - 4 large rocks (quivered)
 d - 2 throwing nets
 o - 7 curare-tipped needles
Armour
 b - a +0 robe (worn)
 m - a +2 cloak (worn)
 B - a +2 hat (worn)
Jewellery
 u - a ring of magical power (left claw)
Wands
 r - a wand of paralysis (11/24)
 x - a wand of slowing (27/48)
Scrolls
 j - 11 scrolls of remove curse
 k - 2 scrolls of recharging
 n - a scroll of fog
 p - 4 scrolls of teleportation
 y - a scroll of identify
Potions
 e - 11 potions of curing
 g - 4 potions of might
 h - 2 potions of haste
 i - 2 potions of heal wounds
 l - 2 potions of agility
 s - a potion of brilliance
 t - 2 potions of flight
 z - a potion of ambrosia {unknown}
 A - a potion of cancellation {unknown}
Books
 q - a book of Cantrips

   Spells                             Type                      Level
   a - Confusing Touch                Hexes                        1
   b - Animate Skeleton               Necromancy                   1
   c - Summon Small Mammal            Summoning                    1
   d - Apportation                    Translocation                1
Comestibles
 a - 7 meat rations
 f - 9 bread rations
 v - a beef jerky
 w - 7 slices of pizza


   Skills:
 + Level 5.0 Fighting
 - Level 7.3 Throwing
 - Level 1.5 Dodging
 - Level 0.3 Stealth
 * Level 12.4 Unarmed Combat


You had 9 spell levels left.
You didn't know any spells.

Dungeon Overview and Level Annotations

Branches:
Dungeon (9/15)             Temple (0/1) D:7
   Lair: D:8-11         Orc: D:9-12

Altars:
Elyvilon
Kikubaaqudgha
Nemelex Xobeh
Qazlal
Ru
Trog
Xom
Yredelemnul
Zin

Annotations:
D:4 jerryfan's ghost, novice HOMo


Innate Abilities, Weirdness & Mutations

You are too large for most types of armour.
You have claws for hands.
Your metabolism is lightning-fast.
You like to eat raw meat.
Your natural rate of healing is unusually fast.
You are covered in fur. (AC +1)
You have very tough skin. (AC +2)

Vault maps used:
D:1:      minmay_arrival_hallway
D:2:      old_standard_altar, ecumenical_altar_1, serial_curves, eino_curves_02,
          eino_curves_03
D:3:      first_bread
D:4:      kennysheep_little_box, nicolae_ossuary_entry_false_entrances,
          kennysheep_cluttered_room, minmay_a_box_with_orc_wizards_in_it
D:5:      uniq_crazy_yiuf_cottage
D:6:      kennysheep_housing_project, minitemple,
          gammafunk_temple_overflow_forgotten, xom_teletrap_fun,
          minmay_fountain_box, minivault_25
D:7:      grunt_livestock
D:9:      uniq_psyche
Ossuary:  ossuary_due_pyramid


Message History

A worker ant comes into view.
The worker ant bites you but does no damage.
You closely miss the worker ant.
The worker ant bites you but does no damage.
You scratch the worker ant. Your claw misses the worker ant.
The worker ant is moderately wounded.
The worker ant bites you.
You barely miss the worker ant.
The worker ant is moderately wounded.
The worker ant bites you.
You closely miss the worker ant.
The worker ant is moderately wounded.
The worker ant bites you.
You barely miss the worker ant.
The worker ant is moderately wounded.
The worker ant bites you.
You claw the worker ant!
You kill the worker ant!
Found a scroll of identify.
An adder comes into view.
The adder barely misses you.
You barely miss the adder. The adder bites you but does no damage.
You mangle the adder!!
You kill the adder!
You see here an adder corpse.
You butcher the adder corpse.
B - a chunk of flesh Eat a chunk of flesh? (ye/n/q)
You start eating the chunk of flesh.
This raw flesh tastes great.
Found a potion of flight.
Found 22 gold pieces.
y - a scroll of identify
Found a scale mail.
Found a glowing hat.
t - 2 potions of flight (gained 1)
You pay a tithe of 2 gold.
You now have 513 gold pieces (gained 20).
You see here a glowing hat.
B - a glowing hat Wear which item? (? for menu, Esc to quit)
You start putting on your armour.
You continue putting on your glowing hat. x4
You finish putting on your +2 hat.
Unknown command.
Search for what [Enter for "armo", or ? for help]?
Search for what [Enter for "armo", or ? for help]? larg Unknown command.
A slime creature comes into view.
The slime creature quivers. x3
Two slime creatures merge to form a large slime creature.
Two slime creatures merge to form a very large slime creature.
Unknown command.
You mangle the very large slime creature!!
The very large slime creature is lightly wounded.
A very large slime creature splits.
Unknown command.
You claw the large slime creature!
The large slime creature is moderately wounded.
A large slime creature splits.
Unknown command.
You claw the slime creature!
The slime creature is heavily wounded.
The slime creature closely misses you.
Unknown command.
You mangle the slime creature!!
The slime creature is severely wounded.
The slime creature hits you but does no damage.
The slime creature hits you! x2
Unknown command.
You barely miss the slime creature.
The slime creature is severely wounded.
The slime creature barely misses you. x2; The slime creature hits you!
A slime creature comes into view.
You claw the slime creature!
The slime creature is almost dead.
The slime creature hits you but does no damage.
The slime creature hits you!
Unknown command.
You scratch the slime creature.
The slime creature is almost dead.
The slime creature hits you! x2
Unknown command.
You mangle the slime creature!!
You kill the slime creature!
The slime creature hits you. The slime creature hits you!
Unknown command.
You claw the slime creature! You claw the slime creature.
The slime creature is moderately wounded.
The slime creature hits you!!
* * * LOW HITPOINT WARNING * * *
The slime creature hits you! Zin protects you from harm!
The slime creature hits you!
* * * LOW HITPOINT WARNING * * *
Okay, then.
Unknown command.
You feel agile all of a sudden. The slime creature barely misses you.
The slime creature hits you!
You die...

..# .......?.#
.........#.# ...J.....#.#
.........#.# .#
.........#.##.#
...........##.###
####.........#
###...JJ.......#
#....†@J.......#
#..............#
#########...)...(..[...#
#............#.........#
###............#####(..###
...............# ##..#
...............# #.>#
...............## ##(#
...............<# #.#


You could see 3 slime creatures.

Vanquished Creatures
  2 two-headed ogres
  A slime creature (D:9)
  A hippogriff (D:7)
  A yak (D:7)
  A wyvern (D:8)
  3 hogs (D:7)
  A human (D:7)
  Menkaure (Ossuary)
  A water moccasin (D:7)
  2 sky beasts
  A black bear (D:8)
  2 ice beasts
  3 orc warriors
  An eye of draining (D:8)
  A necrophage (D:9)
  5 ogres
  6 centaurs
  A gnoll sergeant (D:6)
  2 bullfrogs
  A scorpion (D:8)
  A wight (D:6)
  4 crimson imps (D:8)
  2 bullfrog zombies (D:6)
  A centaur zombie (D:8)
  A centaur skeleton (D:7)
  9 hounds
  4 jellies
  8 orc wizards
  4 orc priests
  2 gnoll shamans (D:6)
  Crazy Yiuf (D:5)
  2 iguanas
  6 worker ants
  2 mummies (Ossuary)
  A howler monkey skeleton (D:5)
  9 gnolls
  12 adders
  A shadow imp (D:7)
  An ooze (D:2)
  4 adder skeletons
  A worm (D:2)
  2 dart slugs (D:3)
  The ghost of dscm the Digger, a weakling OpEE (D:3)
  5 leopard geckos
  24 orcs
  2 giant cockroaches
  5 gnoll zombies (Ossuary)
  9 goblins
  16 hobgoblins
  4 jackals
  4 quokkas
  A ball python (D:1)
  10 bats
  9 frilled lizards
  3 gnoll skeletons (Ossuary)
  A goblin skeleton (Ossuary)
  3 goblin zombies (Ossuary)
  A hobgoblin skeleton (Ossuary)
  A hobgoblin zombie (Ossuary)
  A jackal zombie (D:5)
  9 kobolds
  A kobold skeleton (Ossuary)
  A kobold zombie (Ossuary)
  A leopard gecko skeleton (D:6)
  8 rats
  2 rat skeletons (Ossuary)
  3 rat zombies (Ossuary)
240 creatures vanquished.

Vanquished Creatures (others)
  A mummy (Ossuary)
  2 gnoll zombies (Ossuary)
  3 gnoll skeletons (Ossuary)
  2 goblin skeletons (Ossuary)
  A goblin zombie (Ossuary)
  A hobgoblin zombie (Ossuary)
  A kobold skeleton (Ossuary)
  4 kobold zombies (Ossuary)
  7 orc skeletons (Ossuary)
  2 orc zombies (Ossuary)
  4 rat skeletons (Ossuary)
  2 rat zombies (Ossuary)
30 creatures vanquished.

Grand Total: 270 creatures vanquished

Action                   |  1- 3 |  4- 6 |  7- 9 | 10-12 || total
-------------------------+-------+-------+-------+-------++-------
Melee: Unarmed           |   130 |   198 |   296 |    90 ||   714
       Punch             |       |     3 |    18 |     3 ||    24
Throw: Large rock        |       |     1 |    12 |     4 ||    17
  Use: Scroll            |       |    12 |     4 |     6 ||    22
       Potion            |       |       |       |     1 ||     1
 Stab: Sleeping          |       |     1 |     1 |       ||     2
  Eat: Chunk             |    14 |    13 |    26 |     3 ||    56
       Bread ration      |       |       |     1 |       ||     1
       Beef jerky        |       |       |       |     3 ||     3
Armor: Robe              |    76 |    62 |   105 |    24 ||   267
Dodge: Dodged            |    84 |    69 |   138 |    41 ||   332

Action                   |  1- 3 |  4- 6 |  7- 9 | 10-12 || total
-------------------------+-------+-------+-------+-------++-------
Melee: Unarmed           |   130 |   198 |   296 |    90 ||   714
       Punch             |       |     3 |    18 |     3 ||    24
Throw: Large rock        |       |     1 |    12 |     4 ||    17
  Use: Scroll            |       |    12 |     4 |     6 ||    22
       Potion            |       |       |       |     1 ||     1
 Stab: Sleeping          |       |     1 |     1 |       ||     2
  Eat: Chunk             |    14 |    13 |    26 |     3 ||    56
       Bread ration      |       |       |     1 |       ||     1
       Beef jerky        |       |       |       |     3 ||     3
Armor: Robe              |    76 |    62 |   105 |    24 ||   267
Dodge: Dodged            |    84 |    69 |   138 |    41 ||   332
